 Dungeon Crawl Stone Soup version 0.30.1-9-gdf580d7c3d (webtiles) character file.

Game seed: 3797414437433984156

19 CaptainMV the Stinger (level 2, -3/21 HPs)
             Began as a Demonspawn Wanderer on Sept 25, 2023.
             Slain by Terence
             ... wielding a +0 flail
              (5 damage)
             ... on level 2 of the Dungeon.
             The game lasted 00:05:05 (620 turns).

CaptainMV the Stinger (Demonspawn Wanderer)          Turns: 620, Time: 00:05:05

Health: -3/21      AC:  3    Str: 14    XL:     2   Next: 55%
Magic:  0/3        EV: 11    Int: 12    God:
Gold:   29         SH:  0    Dex: 11    Spells: 2/3 levels left

rFire   . . .        a - +0 dagger
rCold   . . .        (no shield)
rNeg    . . .        e - +0 leather armour
rPois   .            (no helmet)
rElec   .            (no cloak)
rCorr   .            (no gloves)
SInv    .            (no boots)
Will    .....        (no amulet)
Stlth   +            (no ring)
HPRegen 0.23/turn    (no ring)
MPRegen 0.08/turn

%: no passive effects
@: no status effects
A: weakness stinger 1
a: no special abilities


You were on level 2 of the Dungeon.
You visited 1 branch of the dungeon, and saw 2 of its levels.

You collected 29 gold pieces.

Inventory:

Hand Weapons
 a - a +0 dagger (weapon)
Missiles
 b - 8 boomerangs (quivered)
Armour
 e - a +0 leather armour (worn)
Scrolls
 c - a scroll of fog
 d - 2 scrolls of teleportation
Potions
 f - a potion of curing {unknown}
 g - a potion of brilliance {unknown}
 h - a potion of flight {unknown}


   Skills:
 + Level 1.0 Fighting
 + Level 0.5 Short Blades
 + Level 1.0 Throwing
 + Level 0.1 Dodging
 + Level 2.8 Unarmed Combat
 + Level 1.1 Spellcasting
 + Level 0.3 Transmutations
 + Level 3.4 Poison Magic
 + Level 1.0 Evocations


You had 2 spell levels left.
You knew the following spells:

 Your Spells              Type           Power      Damage    Failure   Level
a - Sting                 Tmut/Pois      20%        1d4       19%         1

Your spell library contained the following spells:

 Spells                   Type           Power      Damage    Failure   Level
 Poisonous Vapours        Pois/Air       8%         N/A       28%         2
 Ensorcelled Hibernation  Hex/Ice        0%         N/A       50%         2
 Spider Form              Tmut/Pois      5%         N/A       47%         3
 Olgreb's Toxic Radiance  Pois           8%         N/A       67%         4
 Anguish                  Hex/Necr       0%         N/A       98%         4


Dungeon Overview and Level Annotations

Branches:
Dungeon (2/15)

Altars:

Annotations:
D:2 Terence


Innate Abilities, Weirdness & Mutations

You have a small tail.


Message History

You completely miss Terence.
Your tail-slap misses Terence.
Terence is lightly wounded.
Terence barely misses you.
You barely miss Terence.
Terence is lightly wounded.
Terence hits you with a +0 flail!
Ouch! That really hurt!
You hit Terence but do no damage.
Terence is moderately wounded.
Terence closely misses you.
You hit Terence but do no damage.
Terence is moderately wounded.
You feel your willpower return.
Terence says, "Time to say good-bye..."
Terence barely misses you.
You barely miss Terence.
Your tail-slap misses Terence.
Terence is moderately wounded.
Terence hits you with a +0 flail!
* * * LOW HITPOINT WARNING * * *
Your magical contamination has completely faded away.
Casting: Sting (safe; 19% risk of failure)
Confirm with . or Enter, or press ? or * to list all spells.
Okay, then.
Throw: 8 boomerangs
Press: ? - help, Q - select action, (/) - cycle Shift-Dir - straight line, f - dart slug, p - Terence
Aim: a dart slug (93% to hit)
You throw a boomerang. The boomerang closely misses Terence.
The boomerang misses the adder.
The boomerang hits the dart slug.
The dart slug is heavily wounded.
Terence hits you with a +0 flail.
* * * LOW HITPOINT WARNING * * *
Throw: 8 boomerangs
Press: ? - help, Q - select action, (/) - cycle Shift-Dir - straight line, f/p - dart slug
Aim: a dart slug (heavily wounded, 93% to hit)
You throw a boomerang.
The boomerang hits Terence but does no damage.
Terence is moderately wounded.
Terence hits you with a +0 flail.
You die...

#............
#.#####..#.## #.#
#<.# #.# #..# #.#
#..# #.#####..#
######.#.......
###.............##
#..@.......####..
#.#@####.........
# #S# #########
#w# ..# ... ##.#
#.#


You could see Terence (poisoned), an adder and a dart slug.

Vanquished Creatures
  A bat (D:1)
  2 endoplasms (D:1)
  A giant cockroach (D:1)
  4 hobgoblins (D:1)
  3 kobolds (D:1)
  A quokka (D:1)
  3 ball pythons (D:1)
  A frilled lizard (D:1)
  A rat (D:1)
17 creatures vanquished.

Notes
Turn   | Place    | Note
-------+----------+-------------------------------------------
     0 | D:1      | CaptainMV the Demonspawn Wanderer began the quest for the
                  | Orb.
     0 | D:1      | CaptainMV set off with the following items: a +0 dagger, 8
                  | boomerangs, a scroll of fog, a scroll of teleportation, a
                  | +0 leather armour; and the following spell memorised:
                  | Sting; and the following spells available to memorise:
                  | Poisonous Vapours, Olgreb's Toxic Radiance.
     0 | D:1      | Reached XP level 1. HP: 15/15 MP: 2/2
    83 | D:1      | Gained mutation: You have a small tail. [demonic ancestry]
    83 | D:1      | Reached XP level 2. HP: 5/21 MP: 1/3
   608 | D:2      | Noticed Terence
   620 | D:2      | Slain by Terence

Illustrated notes

Levels and vault maps discovered:
D:1:      lemuel_arrival_rhombus, layout_basic,
          nicolae_concentric_dashed_squares_mild
D:2:      layout_loops_ring, uniq_sigmund, uniq_terence

Action                     || total
---------------------------++-------
  Melee: Dagger            ||    37
         Tailslap          ||     1
         Punch             ||     1
  Throw: Boomerang         ||     2
   Cast: Sting             ||    14
    Use: Scroll            ||     1
 Armour: Leather armour    ||     8
  Dodge: Dodged            ||    15
